 Dungeon Crawl Stone Soup version 0.30.1-1-g62c8e00024 (webtiles) character file.

Game seed: 8177753073481006930

18407 hurrrdurrr the Cleaver (level 12, -2/110 HPs)
             Began as a Minotaur Berserker on July 17, 2023.
             Was a High Priest of Trog.
             Slain by a cyclops (12 damage)
             ... on level 12 of the Dungeon.
             The game lasted 01:30:27 (10815 turns).

hurrrdurrr the Cleaver (Minotaur Berserker)        Turns: 10815, Time: 01:30:27

Health: -2/110     AC: 20    Str: 27    XL:     12   Next: 27%
Magic:  11/11      EV: 10    Int:  4    God:    Trog [*****.]
Gold:   399        SH:  0    Dex: 10    Spells: 11/11 levels left

rFire   . . .        U - +6 battleaxe (flame)
rCold   . . .        (shield currently unavailable)
rNeg    . . .        B - +0 plate armour
rPois   .            (helmet restricted)
rElec   .            C - +0 cloak
rCorr   +            a - +1 pair of gloves {Stlth+}
SInv    .            H - +0 pair of boots
Will    ++...        Y - amulet of faith Stlth
                     y - ring of flight
HPRegen 1.38/turn    R - ring of resist corrosion
MPRegen 0.12/turn

%: faith
@: about to teleport, strong-willed, on berserk cooldown, flying, regenerating,
slowed, very slow
A: horns 2, retaliatory headbutt
a: Renounce Religion, Berserk, Trog's Hand, Brothers in Arms


You were on level 12 of the Dungeon.
You worshipped Trog.
Trog was extremely pleased with you.
You visited 2 branches of the dungeon, and saw 13 of its levels.
You also visited: Sewer.

You collected 729 gold pieces.
You spent 330 gold pieces at shops.

Inventory:

Hand Weapons
 b - a +2 battleaxe of freezing
 l - a +2 heavy hand axe
 E - a +4 quarterstaff of chaos
 J - a +1 hand axe of electrocution
 M - a +0 mace of protection
 U - a +6 battleaxe of flaming (weapon)
Missiles
 o - a throwing net
 A - 12 poisoned darts (quivered)
 N - a curare-tipped dart
Armour
 a - a +1 pair of gloves of stealth (worn)
 k - +0 acid dragon scales
 x - +1 steam dragon scales
 B - a +0 plate armour (worn)
 C - a +0 cloak (worn)
 H - a +0 pair of boots (worn)
 S - the +0 leather armour of the Valley of Death {rElec}
   (You found it on level 6 of the Dungeon)

   rElec:     It insulates you from electricity.
 X - a +0 troll leather armour
Jewellery
 e - a +6 ring of dexterity
 j - a ring of protection from fire
 n - a +5 ring of evasion
 p - an amulet of regeneration
 w - an amulet of reflection
 y - a ring of flight (left hand)
 F - a ring of ice
 R - a ring of resist corrosion (right hand)
 Y - an amulet of faith (around neck)
Wands
 i - a wand of polymorph (12)
 v - a wand of acid (5)
 z - a wand of flame (71)
 I - a wand of digging (8)
 L - a wand of charming (10)
 Z - a wand of iceblast (16)
Scrolls
 d - a scroll of fog
 g - 3 scrolls of teleportation
 r - 4 scrolls of blinking
 u - 2 scrolls of silence
 K - 2 scrolls of poison
Potions
 c - 3 potions of mutation
 f - 3 potions of resistance
 h - 5 potions of flight
 m - 2 potions of invisibility
 q - 3 potions of heal wounds
 s - 7 potions of curing
 t - 2 potions of might
 D - 2 potions of attraction
 G - 3 potions of cancellation
 P - 2 potions of berserk rage
 Q - a potion of haste
 W - a potion of lignification {unknown}


   Skills:
 + Level 11.2 Fighting
 * Level 12.1(12.5) Axes
 - Level 5.0(10.0) Maces & Flails
 - Level 5.6(6.5) Staves
 - Level 5.0 Throwing
 + Level 10.9 Armour
 + Level 10.0 Dodging
 - Level 4.0 Evocations


You had 11 spell levels left.
You didn't know any spells.
Your spell library contained the following spells:

 Spells                   Type           Power      Damage    Failure   Level
 Necrotise                Necr           0%         1d4       99%         1
 Lesser Beckoning         Tloc           0%         N/A       100%        2
 Gell's Gravitas          Tloc           0%         N/A       100%        3
 Teleport Other           Tloc           0%         N/A       100%        3
 Vampiric Draining        Necr           0%         2d6       100%        3
 Agony                    Necr           0%         N/A       100%        5


Dungeon Overview and Level Annotations

Branches:
Dungeon (12/15)            Temple (0/1) D:5            Lair (1/5) D:11
    Orc (0/2) D:12          Sewer (visited)

Altars:
Cheibriados
Nemelex Xobeh
Wu Jian
Xom
Zin
The Shining One

Shops:
D:4 :   D:8 =   D:9 ![!!   D:11 !


Innate Abilities, Weirdness & Mutations

You have a pair of horns on your head.
You reflexively headbutt those who attack you in melee.


Message History

The tengu warrior shoots a bolt.
The bolt hits you.
* * * LOW HITPOINT WARNING * * *
You slice the yak!! You burn the yak. Your headbutt misses the yak.
The yak is almost dead.
You slash the troll! You burn the troll. The yak gores you.
* * * LOW HITPOINT WARNING * * *
The troll bites you!
* * * LOW HITPOINT WARNING * * *
The troll barely misses you. x2; The tengu warrior shoots a bolt.
The bolt barely misses you. The troll bites you but does no damage.
The troll closely misses you. The troll barely misses you.
The yak gores you but does no damage.
You slice the yak!! You burn the yak.
You kill the yak!
Trog accepts your kill.
Trog will now gift you melee weapons as you gain piety.
You closely miss the troll. You barely miss the tengu warrior.
The troll bites you!
* * * LOW HITPOINT WARNING * * *
The troll claws you but does no damage. x2
The tengu warrior unwields a +0 arbalest.
The tengu warrior wields a +2 great mace.
The tengu warrior barely misses you. You furiously retaliate!
You headbutt the tengu warrior!
The tengu warrior pecks you but does no damage.
The tengu warrior claws you but does no damage.
The troll bites you!
* * * LOW HITPOINT WARNING * * *
The troll claws you but does no damage. The troll claws you.
* * * LOW HITPOINT WARNING * * *
As you read the scroll of teleportation, it crumbles to dust.
You feel strangely unstable.
The tengu warrior hits you with a +2 great mace!
* * * LOW HITPOINT WARNING * * *
The tengu warrior pecks you but does no damage.
The tengu warrior claws you but does no damage.
The troll closely misses you. The troll claws you.
* * * LOW HITPOINT WARNING * * *
The troll claws you but does no damage. The cyclops hits you!
You die...

##.....?)#...... ##
......#......... .#
#..........( .#
#..)#....!.. .#
#..)..<..... .#
#..†.?.#'#'#
.############).)...#.# #
.............).[...# #
...........^....@Q.#
...............#TC.....#
...#############Q..#....
........# ##..#####
........# ..# ........#
... ........# ....
........# .....
###.....##


You could see a tengu warrior, a cyclops, a troll and a tengu conjurer.

Vanquished Creatures
  Josephine (D:10)
  Fannar (D:10)
  A centaur warrior (D:12)
  4 two-headed ogres
  A boulder beetle (D:11)
  Erica (D:8)
  A manticore (D:11)
  An oklob plant (D:11)
  Maurice (D:8)
  A black mamba (Lair:1)
  A gargoyle (D:10)
  A cane toad (Lair:1)
  Maggie (D:10)
  An unseen horror (D:12)
  Psyche (D:12)
  A kobold demonologist (D:10)
  2 komodo dragons
  A hornet (D:6)
  3 trolls
  A shadow (D:11)
  7 wraiths
  16 yaks
  Grum (D:8)
  2 vampire mosquitoes (D:12)
  4 water moccasins
  4 acid dragons
  3 orc warriors
  A swamp drake (shapeshifter) (D:12)
  A sky beast (D:6)
  3 black bears
  4 wolves (D:8)
  5 centaurs
  2 phantoms
  5 bullfrogs
  2 kobold brigands (Sewer)
  A gnoll sergeant (D:9)
  3 scorpions
  7 wights
  6 howler monkeys
  A jelly (D:5)
  Crazy Yiuf (D:3)
  4 hounds
  A gnoll bouda (D:9)
  7 orc priests
  2 iguanas
  3 sleepcaps
  Jessica (D:2)
  Natasha (thrice) (D:2)
  7 orc wizards
  9 gnolls (D:9)
  8 adders
  2 river rats (Sewer)
  A shadow imp (D:6)
  A white imp (D:6)
  2 ufetubi (D:5)
  2 worms (D:2)
  5 dart slugs
  15 orcs
  7 bats
  6 endoplasms
  3 giant cockroaches (D:4)
  10 goblins
  10 hobgoblins
  3 jackals (D:3)
  4 quokkas
  10 ball pythons
  A frilled lizard (D:1)
  5 kobolds
  10 rats
247 creatures vanquished.

Notes
Turn   | Place    | Note
-------+----------+-------------------------------------------
     0 | D:1      | hurrrdurrr the Minotaur Berserker began the quest for the
                  | Orb.
     0 | D:1      | Reached XP level 1. HP: 19/19 MP: 0/0
   122 | D:1      | Reached XP level 2. HP: 26/26 MP: 1/1
   269 | D:1      | Reached skill level 5 in Maces & Flails
   395 | D:1      | Reached ** piety under Trog
   396 | D:1      | Reached XP level 3. HP: 31/31 MP: 2/2
   466 | D:1      | Reached skill level 1 in Axes
   708 | D:2      | Noticed Natasha
   720 | D:2      | Reached skill level 2 in Axes
   779 | D:2      | Killed Natasha
   780 | D:2      | Reached skill level 3 in Axes
   780 | D:2      | Reached XP level 4. HP: 20/39 MP: 3/3
   914 | D:2      | Noticed Jessica
   919 | D:2      | Killed Jessica
   990 | D:2      | Reached skill level 4 in Axes
  1268 | D:2      | Found a faded altar of an unknown god.
  1416 | D:2      | Noticed Natasha
  1468 | D:2      | Killed Natasha
  1469 | D:2      | Reached XP level 5. HP: 41/45 MP: 4/4
  1482 | D:2      | Noticed Natasha
  1487 | D:2      | Killed Natasha
  1488 | D:2      | Reached skill level 5 in Axes
  1688 | D:3      | Found a sparkling altar of Nemelex Xobeh.
  1692 | D:3      | Found a glowing silver altar of Zin.
  2041 | D:3      | Found a runed translucent door.
  2042 | D:3      | Noticed Crazy Yiuf
  2049 | D:3      | Killed Crazy Yiuf
  2261 | D:4      | Found Weywah's Book Shop.
  2330 | D:4      | Noticed a phantom
  2333 | D:4      | Killed a phantom
  2334 | D:4      | Reached skill level 1 in Staves
  2334 | D:4      | Reached XP level 6. HP: 52/52 MP: 5/5
  2524 | D:4      | Reached skill level 1 in Evocations
  2528 | D:4      | Found a glowing drain.
  2567 | Sewer    | Entered a sewer
  2648 | Sewer    | Reached XP level 7. HP: 60/60 MP: 6/6
  2667 | Sewer    | Found a glowing silver altar of Zin.
  2947 | D:4      | Reached *** piety under Trog
  3173 | D:5      | Entered Level 5 of the Dungeon
  3187 | D:5      | Found a snail-covered altar of Cheibriados.
  3208 | D:5      | Reached skill level 5 in Fighting
  3388 | D:5      | Reached XP level 8. HP: 68/68 MP: 7/7
  3426 | D:5      | Found a staircase to the Ecumenical Temple.
  3584 | D:5      | Found an ornate altar of the Wu Jian Council.
  3792 | D:6      | Found a shimmering altar of Xom.
  3846 | D:6      | Identified the +0 leather armour of the Valley of Death
                  | {rElec}
  3906 | D:6      | Reached skill level 5 in Armour
  4092 | D:6      | Reached skill level 5 in Dodging
  4120 | D:6      | Noticed a troll
  4125 | D:6      | Killed a troll
  4126 | D:6      | Reached skill level 5 in Staves
  4187 | D:6      | Noticed a hornet
  4190 | D:6      | Paralysed by a hornet for 3 turns
  4194 | D:6      | Killed a hornet
  4195 | D:6      | Reached XP level 9. HP: 49/78 MP: 8/8
  4643 | D:6      | Reached skill level 1 in Throwing
  5929 | D:8      | Reached **** piety under Trog
  5932 | D:8      | Reached skill level 6 in Axes
  5951 | D:8      | Noticed Grum
  5954 | D:8      | Noticed Erica
  5961 | D:8      | Killed Grum
  5969 | D:8      | Killed Erica
  5970 | D:8      | Reached XP level 10. HP: 7/88 MP: 9/9
  6318 | D:8      | Noticed Maurice
  6331 | D:8      | Killed Maurice
  6417 | D:8      | Reached skill level 7 in Axes
  6482 | D:8      | Found Kaffupecw's Jewellery Boutique.
  6768 | D:9      | Found Roulediro's Distillery.
  6793 | D:9      | Found Meddaeh's Distillery.
  6940 | D:9      | Found Togug's Antique Armour Boutique.
  6950 | D:9      | Noticed a two-headed ogre
  6958 | D:9      | Killed a two-headed ogre
  7186 | D:9      | Found a glowing golden altar of the Shining One.
  7201 | D:9      | Noticed a two-headed ogre
  7208 | D:9      | Killed a two-headed ogre
  7662 | D:9      | Found Sitoick's Distillery.
  7672 | D:9      | Bought a potion of cancellation for 120 gold pieces
  7672 | D:9      | Bought a potion of resistance for 150 gold pieces
  7672 | D:9      | Bought a potion of might for 60 gold pieces
  7689 | D:10     | Entered Level 10 of the Dungeon
  7731 | D:10     | Reached skill level 5 in Throwing
  7768 | D:10     | Noticed Josephine
  7778 | D:10     | Killed Josephine
  7779 | D:10     | Reached skill level 8 in Axes
  7785 | D:10     | Reached XP level 11. HP: 45/97 MP: 10/10
  8029 | D:10     | Noticed Maggie
  8036 | D:10     | Killed Maggie
  8251 | D:10     | Noticed Fannar
  8271 | D:10     | Killed Fannar
  8272 | D:10     | Reached skill level 9 in Axes
  8552 | D:10     | Noticed a two-headed ogre
  8562 | D:10     | Killed a two-headed ogre
  8795 | D:10     | Reached skill level 10 in Fighting
  8803 | D:10     | Noticed a sun demon
  8818 | D:10     | Reached skill level 10 in Axes
  9176 | D:11     | Noticed an oklob plant
  9242 | D:11     | Reached skill level 10 in Armour
  9438 | D:11     | Found Kegeunk's Distillery.
  9549 | D:11     | Found a staircase to the Lair.
  9795 | D:11     | Noticed a boulder beetle
  9805 | D:11     | Killed a boulder beetle
  9926 | D:11     | Reached skill level 11 in Axes
 10286 | D:11     | Killed an oklob plant
 10308 | Lair:1   | Entered Level 1 of the Lair of Beasts
 10436 | Lair:1   | Reached XP level 12. HP: 83/108 MP: 11/11
 10722 | D:12     | Found a staircase to the Orcish Mines.
 10723 | D:12     | Noticed Psyche
 10729 | D:12     | Killed Psyche
 10785 | D:12     | Reached ***** piety under Trog
 10791 | D:12     | Noticed a two-headed ogre
 10792 | D:12     | Noticed a centaur warrior
 10796 | D:12     | Killed a centaur warrior
 10798 | D:12     | Noticed a tengu warrior
 10800 | D:12     | Killed a two-headed ogre
 10801 | D:12     | Reached skill level 10 in Dodging
 10804 | D:12     | Reached skill level 12 in Axes
 10815 | D:12     | Slain by a cyclops

Illustrated notes

Levels and vault maps discovered:
D:1:      scummos_arrival_star, layout_loops_cross, serial_glass,
          glass_columns_a, glass_columns_a, minmay_tall_x
D:2:      layout_loops_ring, ebering_ecumenical_altar_abandoned, uniq_jessica,
          uniq_natasha
D:3:      layout_rooms, minitemple, serial_aquarium, aquarium_bridge_straight
          [aquarium_subvault_bridge, aquarium_subvault_window,
          aquarium_subvault_bridge, aquarium_subvault_window],
          aquarium_window_corner, aquarium_window_corner, aquarium_window_fake,
          aquarium_view_2b, aquarium_pool_side, uniq_crazy_yiuf_cottage
D:4:      layout_loops_ring, serial_shops, kennysheep_little_box,
          gup_sewer_entry_glass, minmay_goblin_outpost
D:5:      layout_cave_pools, cheibriados_altar_1, kennysheep_mini_moat,
          minmay_temple_entry_statues_pillars, kennysheep_generic_room_3
D:6:      layout_layer_cave, brannock_xom_greatest_gift, glass_columns_a
D:7:      layout_loops_corners
D:8:      layout_rooms, nicolae_inconvenience_store, uniq_maurice, uniq_grum,
          uniq_erica
D:9:      layout_small_grid, tso_oasis_becter, serial_shops, shop,
          nicolae_lakefront_shop, shop, shop
D:10:     layout_roguey, uniq_fannar, uniq_josephine, uniq_maggie
D:11:     layout_grid_maze, dpeg_oklobed_lair, serial_shops,
          nicolae_shop_back_alley_shop
D:12:     minmay_bloctagon, layout_basic, nicolae_elemental_shop, uniq_psyche
Lair:1:   layout_layer_cave

Skill      XL: |  1  2  3  4  5  6  7  8  9 10 11 12 |
---------------+-------------------------------------+-----
Maces & Flails | 4 5 |  5.0
Axes           | 3 4 5 6 8 11 12 | 12.1
Staves         | 1 2 3 5 |  5.6
Fighting       | 4 5 6 8 9 10 11 | 11.2
Evocations     | 1 2 4 |  4.0
Armour         | 3 4 6 7 9 10 | 10.9
Dodging        | 3 4 5 7 8 9 10 | 10.0
Throwing       | 3 5 |  5.0

Action                     |  1- 3 |  4- 6 |  7- 9 | 10-12 || total
---------------------------+-------+-------+-------+-------++-------
  Melee: Mace              |    32 |       |       |       ||    32
         Headbutt          |     9 |    12 |    36 |    57 ||   114
         Hand axe          |    23 |    44 |       |       ||    67
         Quarterstaff      |       |    62 |   133 |       ||   195
         Battleaxe         |       |       |    32 |   239 ||   271
         Unarmed           |       |       |       |     5 ||     5
  Throw: Stone             |    18 |     6 |       |       ||    24
         Dart              |       |     9 |     4 |     1 ||    14
         Boomerang         |       |     8 |       |       ||     8
 Invoke: Berserk           |     1 |     1 |     3 |     5 ||    10
         Trog's Hand       |       |     1 |     4 |     6 ||    11
    Use: Scroll            |       |     8 |     7 |     9 ||    24
         Potion            |       |       |       |     4 ||     4
   Stab: Paralysed         |       |       |     1 |       ||     1
 Armour: Animal skin       |     1 |       |       |       ||     1
         Ring mail         |    18 |     9 |       |       ||    27
         Plate armour      |       |    39 |    75 |   172 ||   286
         Skin              |       |       |       |     1 ||     1
  Dodge: Dodged            |    30 |    61 |   114 |   117 ||   322
  Block: Other             |       |    17 |    25 |       ||    42
         Reflection        |       |     1 |     1 |       ||     2
